 Dungeon Crawl Stone Soup version 0.21-a0-331-gfb491b4 (webtiles) character file.

300 tof the Skirmisher (level 6, -6/53 HPs)
             Began as a Gnoll Berserker on Oct 2, 2017.
             Was a Believer of Trog.
             Killed by divine providence
             ... invoked by an orc priest
              (12 damage)
             ... on level 3 of the Dungeon.
             The game lasted 00:08:09 (2722 turns).

tof the Skirmisher (Gnoll Berserker)                Turns: 2722, Time: 00:08:10

Health: -6/53      AC: 12    Str: 20    XL:     6   Next: 36%
Magic:  8/8        EV: 10    Int:  9    God:    Trog [**....]
Gold:   98         SH:  0    Dex: 16    Spells: 8/8 levels left

rFire    . . .     SeeInvis .   a - +0 spear
rCold    + . .     Gourm    .   (no shield)
rNeg     . . .     Faith    .   q - +1 chain mail {rC+}
rPois    .         Spirit   .   (no helmet)
rElec    .         Reflect  .   (no cloak)
rCorr    .         Harm     .   (no gloves)
MR       .....                  h - +0 pair of boots
Stlth    ..........             i - amulet of magic regeneration
HPRegen  0.17/turn              (no ring)
MPRegen  0.36/turn              (no ring)

@: no status effects
A: distributed training, fangs 1, strong nose
a: Berserk, Trog's Hand, Burn Spellbooks, Renounce Religion


You were on level 3 of the Dungeon.
You worshipped Trog.
Trog was pleased with you.
You were not hungry.

You visited 1 branch of the dungeon, and saw 3 of its levels.

You collected 98 gold pieces.

Inventory:

Hand Weapons
 a - a +0 spear (weapon)
Armour
 h - a +0 pair of boots (worn)
 q - a +1 chain mail of cold resistance (worn)
Jewellery
 i - an amulet of magic regeneration (around neck)
Scrolls
 b - 2 scrolls of magic mapping
 e - a scroll of teleportation {unknown}
 f - 5 scrolls of identify {unknown}
 j - a scroll of fear {unknown}
 k - 2 scrolls of amnesia {unknown}
 m - 2 scrolls of blinking {unknown}
 p - a scroll of enchant weapon {unknown}
Potions
 g - a potion of curing
 l - a potion of heal wounds {unknown}
 n - a potion of agility {unknown}
 o - 2 potions of lignification {unknown}
Comestibles
 c - 3 bread rations
 d - 2 chunks of flesh
 r - a meat ration


   Skills:
 + Level 6.8 Fighting
 + Level 1.9 Short Blades
 + Level 1.9 Long Blades
 + Level 1.9 Axes
 + Level 1.9 Maces & Flails
 + Level 6.8 Polearms
 + Level 1.9 Staves
 + Level 1.9 Slings
 + Level 1.9 Bows
 + Level 1.9 Crossbows
 + Level 1.9 Throwing
 + Level 4.9 Armour
 + Level 4.9 Dodging
 + Level 1.9 Stealth
   Level 0.0 Stabbing
 + Level 1.9 Shields
   Level 0.0 Traps
 + Level 1.9 Unarmed Combat
 + Level 1.9 Spellcasting
 + Level 1.9 Conjurations
 + Level 1.9 Hexes
 + Level 1.9 Charms
 + Level 1.9 Summonings
 + Level 1.9 Necromancy
 + Level 1.9 Translocations
 + Level 1.9 Transmutations
 + Level 1.9 Fire Magic
 + Level 1.9 Ice Magic
 + Level 1.9 Air Magic
 + Level 1.9 Earth Magic
 + Level 1.9 Poison Magic
 + Level 1.9 Invocations
 + Level 1.9 Evocations


You had 8 spell levels left.
You didn't know any spells.

Dungeon Overview and Level Annotations

Branches:
Dungeon (3/15)

Altars:
Ashenzari
Elyvilon
Makhleb
Okawaru
Uskayaw
Xom

Annotations:
D:3 Natasha


Innate Abilities, Weirdness & Mutations

Your experience applies equally to all skills.
You have very sharp teeth.
Your uncanny sense of smell can sniff out nearby items.


Message History

Found 13 poisoned needles.
You puncture Natasha! You bite Natasha, but do no damage.
Natasha is heavily wounded.
Natasha misses you. The orc closely misses you.
You hit Natasha but do no damage.
Natasha is heavily wounded.
The orc priest mumbles some strange prayers to Beogh against you.
Beogh smites you!
* * * LOW HITPOINT WARNING * * *
Natasha stares at you and mumbles some strange words.
The magic dart hits you!
You hit Natasha but do no damage.
Natasha is heavily wounded.
Natasha claws you but does no damage. Natasha barely misses you.
Natasha casts a spell.
The crimson imp blinks!
The orc priest mumbles some strange prayers to Beogh against you.
Beogh smites you!
You die...

........... #)..####<.......
...................#.#####.#.##.#
.................................
........####.#..#.#.###.
......>...........#.#
........####...([.#.##
..............)........
........#####..[.o..###
........@......(........
.......o5######..#..#### ..
........h# #..#..# .. .........#
#..#..# .. .......oo#
#####.#..#### .. .......§o#
#............ .........#
#.o.....##### .(......o#
#.......# .##
#######..###.o.....##


You could see 2 orc priests, Natasha, a crimson imp and 3 orcs.

Vanquished Creatures
  2 orc priests (D:3)
  Terence (D:2)
  Jessica (D:3)
  Natasha (D:3)
  5 adders (D:2)
  3 gnolls (D:3)
  A dart slug (D:3)
  15 orcs
  A ball python (D:1)
  8 bats
  3 giant cockroaches
  9 goblins
  5 hobgoblins
  8 kobolds
  4 frilled lizards
  13 rats
80 creatures vanquished.

Notes
Turn   | Place    | Note
-------+----------+-------------------------------------------
     0 | D:1      | tof the Gnoll Berserker began the quest for the Orb.
     0 | D:1      | Reached XP level 1. HP: 23/23 MP: 1/1
    71 | D:1      | Reached XP level 2. HP: 29/29 MP: 2/2
   338 | D:1      | Reached * piety under Trog
   477 | D:2      | Reached XP level 3. HP: 35/35 MP: 3/3
   779 | D:2      | Reached skill level 1 in Short Blades
   779 | D:2      | Reached skill level 1 in Long Blades
   779 | D:2      | Reached skill level 1 in Axes
   779 | D:2      | Reached skill level 1 in Maces & Flails
   779 | D:2      | Reached skill level 1 in Staves
   779 | D:2      | Reached skill level 1 in Slings
   779 | D:2      | Reached skill level 1 in Bows
   779 | D:2      | Reached skill level 1 in Crossbows
   779 | D:2      | Reached skill level 1 in Throwing
   779 | D:2      | Reached skill level 1 in Stealth
   779 | D:2      | Reached skill level 1 in Shields
   779 | D:2      | Reached skill level 1 in Unarmed Combat
   779 | D:2      | Reached skill level 1 in Spellcasting
   779 | D:2      | Reached skill level 1 in Conjurations
   779 | D:2      | Reached skill level 1 in Hexes
   779 | D:2      | Reached skill level 1 in Charms
   779 | D:2      | Reached skill level 1 in Summonings
   779 | D:2      | Reached skill level 1 in Necromancy
   779 | D:2      | Reached skill level 1 in Translocations
   779 | D:2      | Reached skill level 1 in Transmutations
   779 | D:2      | Reached skill level 1 in Fire Magic
   779 | D:2      | Reached skill level 1 in Ice Magic
   779 | D:2      | Reached skill level 1 in Air Magic
   779 | D:2      | Reached skill level 1 in Earth Magic
   779 | D:2      | Reached skill level 1 in Poison Magic
   779 | D:2      | Reached skill level 1 in Invocations
   779 | D:2      | Reached skill level 1 in Evocations
   832 | D:2      | Found an iron altar of Okawaru.
   841 | D:2      | Reached XP level 4. HP: 40/41 MP: 5/5
   996 | D:2      | Found a shattered altar of Ashenzari.
  1307 | D:2      | Found a shimmering altar of Xom.
  1312 | D:2      | Found a shimmering altar of Xom.
  1312 | D:2      | Found a deep blue altar of Sif Muna.
  1314 | D:2      | Found a hide-covered altar of Uskayaw.
  1314 | D:2      | Found a burning altar of Makhleb.
  1314 | D:2      | Found a white marble altar of Elyvilon.
  1543 | D:3      | Noticed Jessica
  1576 | D:3      | Killed Jessica
  1576 | D:3      | Reached ** piety under Trog
  1576 | D:3      | Reached XP level 5. HP: 27/47 MP: 5/7
  1911 | D:3      | Reached XP level 6. HP: 16/53 MP: 8/8
  1915 | D:3      | Noticed Terence
  2181 | D:2      | Killed Terence
  2598 | D:3      | Noticed Natasha
  2604 | D:3      | Killed Natasha
  2710 | D:3      | Noticed Natasha
  2722 | D:3      | Killed from afar by an orc priest

Vault maps used:
D:1:      dpeg_arrival_line_fractal, minmay_pentomino_o4
D:2:      overflow_temple_1_default, doesnt_xom_only_xom, marbit_many_paths,
          kennysheep_generic_room_16
D:3:      uniq_natasha, uniq_terence, uniq_jessica

Skill      XL: |  1  2  3 |
---------------+----------+-----
Short Blades   | 1 |  1.9
Long Blades    | 1 |  1.9
Axes           | 1 |  1.9
Maces & Flails | 1 |  1.9
Staves         | 1 |  1.9
Slings         | 1 |  1.9
Bows           | 1 |  1.9
Crossbows      | 1 |  1.9
Throwing       | 1 |  1.9
Stealth        | 1 |  1.9
Shields        | 1 |  1.9
Unarmed Combat | 1 |  1.9
Spellcasting   | 1 |  1.9
Conjurations   | 1 |  1.9
Hexes          | 1 |  1.9
Charms         | 1 |  1.9
Summonings     | 1 |  1.9
Necromancy     | 1 |  1.9
Translocations | 1 |  1.9
Transmutations | 1 |  1.9
Fire Magic     | 1 |  1.9
Ice Magic      | 1 |  1.9
Air Magic      | 1 |  1.9
Earth Magic    | 1 |  1.9
Poison Magic   | 1 |  1.9
Invocations    | 1 |  1.9
Evocations     | 1 |  1.9
Fighting       | |  6.8
Polearms       | |  6.8
Armour         | |  4.9
Dodging        | |  4.9

Action                   |  1- 3 |  4- 6 || total
-------------------------+-------+-------++-------
Melee: Spear             |    96 |   203 ||   299
       Bite              |     4 |    19 ||    23
       Punch             |       |     2 ||     2
  Use: Scroll            |       |     1 ||     1
  Eat: Chunk             |       |     6 ||     6
Armor: Chain mail        |    26 |    70 ||    96
       Animal skin       |     1 |       ||     1
Dodge: Dodged            |    25 |    87 ||   112

Table legend:
 A = Spawn XP
 B = Non-spawn XP
 C = Spawn XP percentage of total XP
 D = Spawn monster count
 E = Non-spawn monster count
 F = Spawn count percentage of total count
 G = Total turns spent on level
                    A         B        C        D         E        F      G
               +---------+---------+-------+---------+---------+-------+---------
         Total |       0 |     429 |   0.0 |       0 |      80 |   0.0 |  2722
               +---------+---------+-------+---------+---------+-------+---------
           D:1 |       0 |      26 |   0.0 |       0 |      16 |   0.0 |   425
           D:2 |       0 |     153 |   0.0 |       0 |      34 |   0.0 |  1599
           D:3 |       0 |     250 |   0.0 |       0 |      30 |   0.0 |   698
               +---------+---------+-------+---------+---------+-------+---------
